 Dungeon Crawl Stone Soup version 0.21.1-1-g345015f (webtiles) character file.

1156 zishaf the Cleaver (level 8, 0/67 HPs)
             Began as a Minotaur Fighter on May 16, 2018.
             Was a Follower of Uskayaw.
             Slain by an ice beast (1 damage)
             ... on level 5 of the Dungeon.
             The game lasted 00:09:31 (4847 turns).

zishaf the Cleaver (Minotaur Fighter)               Turns: 4847, Time: 00:09:32

Health: 0/67       AC: 11    Str: 20    XL:     8   Next: 16%
Magic:  7/7        EV:  3    Int:  5    God:    Uskayaw [*.....]
Gold:   152        SH:  9    Dex: 13    Spells: 7/7 levels left

rFire    . . .     SeeInvis .   a - +0 war axe
rCold    . . .     Gourm    .   c - +0 shield
rNeg     . . .     Faith    .   w - +0 plate armour
rPois    .         Spirit   .   (helmet restricted)
rElec    .         Reflect  .   (no cloak)
rCorr    .         Harm     .   (no gloves)
MR       .....     Rnd*Tele +   (no boots)
Stlth    ..........             b - amulet of inaccuracy (curse)
HPRegen  0.21/turn              h - ring of loudness (curse)
MPRegen  0.10/turn              z - ring of teleportation (curse)

@: no status effects
A: retaliatory headbutt, horns 2
a: Stomp, Renounce Religion


You were on level 5 of the Dungeon.
You worshipped Uskayaw.
Uskayaw was noncommittal.
You were not hungry.

You visited 2 branches of the dungeon, and saw 6 of its levels.

You collected 152 gold pieces.

Inventory:

Hand Weapons
 a - a +0 war axe (weapon)
Armour
 c - a +0 shield (worn)
 w - a +0 plate armour (worn)
Jewellery
 b - a cursed amulet of inaccuracy (around neck)
 h - a cursed ring of loudness (left hand)
 z - a cursed ring of teleportation (right hand)
Scrolls
 e - a scroll of fear
 i - 2 scrolls of identify
 l - 4 scrolls of enchant armour
 m - a scroll of teleportation
 r - a scroll of immolation
 u - a scroll of fog
 A - a scroll of magic mapping {unknown}
Potions
 d - a potion of might
 g - 3 potions of brilliance {unknown}
 j - 2 potions of curing {unknown}
 k - a potion of degeneration {unknown}
 n - a potion of heal wounds {unknown}
 o - a potion of magic {unknown}
 p - a potion of haste
 q - a potion of mutation {unknown}
 s - a potion of lignification {unknown}
 t - a potion of resistance {unknown}
 v - a potion of flight {unknown}
Books
 y - a book of Callings

   Spells                             Type                      Level
   a - Summon Small Mammal            Summoning                    1
   b - Call Imp                       Summoning                    2
   c - Call Canine Familiar           Summoning                    3
   d - Summon Guardian Golem          Hexes/Summoning              3
   e - Summon Lightning Spire         Summoning/Air                4
   f - Summon Ice Beast               Ice/Summoning                4
Comestibles
 f - 6 rations
 x - a chunk of flesh


   Skills:
 + Level 4.3 Fighting
 - Level 11.0 Axes
 + Level 4.3 Armour
 + Level 4.3 Shields


You had 7 spell levels left.
You didn't know any spells.

Dungeon Overview and Level Annotations

Branches:
Dungeon (5/15)             Temple (1/1) D:4

Altars:
Ashenzari
Cheibriados
Dithmenos
Elyvilon
Fedhas
Gozag
Hepliaklqana
Kikubaaqudgha
Makhleb
Nemelex Xobeh
Okawaru
Qazlal
Ru
Sif Muna
Trog
Uskayaw
Vehumet
Wu Jian
Xom
Yredelemnul
Zin
The Shining One


Innate Abilities, Weirdness & Mutations

You reflexively headbutt those who attack you in melee.
You have a pair of horns on your head.


Message History

You block the ice beast's attack.
You barely miss the ice beast.
The ice beast is heavily wounded.
You block the ice beast's attack. x2
You closely miss the ice beast.
The ice beast is heavily wounded.
You block the ice beast's attack.
You completely miss the ice beast.
The ice beast is heavily wounded.
You block the ice beast's attack.
You hit the ice beast. Your headbutt misses the ice beast.
The ice beast is heavily wounded.
The ice beast hits you.
* * * LOW HITPOINT WARNING * * *
The ice beast freezes you!
* * * LOW HITPOINT WARNING * * *
You hit the ice beast. Your headbutt misses the ice beast.
The ice beast is severely wounded.
The ice beast hits you.
You die...

#....... #.........#.#
#....... #.........#.#
#.......
#.........#.####.......
#......................
#.............#.#######
#..........## #.######
#..).......# #......#
#....Y@....# #......#
########.#.# #......#
#.#.# ##...#### #.#.#
#......_ #.#.# #...####
#.#.# #.....# #.#.#
#.....## ..#.# #.....##
#.# ##.....##


You could see an ice beast.

Vanquished Creatures
  The ghost of THUG4L1F3 the Skirmisher, an amateur GrBe of Trog (D:3)
  Duvessa (D:5)
  A phantom (D:4)
  2 ogres (D:4)
  Dowan (D:5)
  A scorpion (D:4)
  A crimson imp (D:5)
  A centaur skeleton (D:5)
  A gnoll shaman (D:4)
  3 orc priests
  Jessica (D:2)
  An iguana (D:5)
  2 orc wizards
  A worker ant (D:4)
  A howler monkey skeleton (D:4)
  11 gnolls
  5 adders
  2 oozes
  An adder skeleton (D:4)
  3 worms
  2 dart slugs (D:2)
  3 leopard geckos
  15 orcs
  5 giant cockroaches
  4 goblins
  3 hobgoblins
  10 jackals
  4 kobolds
  3 quokkas
  2 ball pythons
  2 bats
  3 frilled lizards
  A leopard gecko skeleton (D:4)
  5 rats
103 creatures vanquished.

Notes
Turn   | Place    | Note
-------+----------+-------------------------------------------
     0 | D:1      | zishaf the Minotaur Fighter began the quest for the Orb.
     0 | D:1      | Reached XP level 1. HP: 19/19 MP: 0/0
   214 | D:1      | Reached skill level 3 in Axes
   705 | D:1      | Reached XP level 2. HP: 7/26 MP: 1/1
   712 | D:1      | Reached skill level 4 in Axes
   996 | D:2      | Reached XP level 3. HP: 22/31 MP: 2/2
  1486 | D:2      | Reached skill level 5 in Axes
  1659 | D:2      | Reached XP level 4. HP: 31/39 MP: 3/3
  1776 | D:2      | Noticed Jessica
  1779 | D:2      | Killed Jessica
  1979 | D:3      | Reached skill level 6 in Axes
  2147 | D:3      | Noticed THUG4L1F3's ghost (amateur GrBe)
  2158 | D:3      | Reached XP level 5. HP: 45/45 MP: 4/4
  2175 | D:3      | Killed THUG4L1F3's ghost
  2175 | D:3      | Reached skill level 7 in Axes
  2175 | D:3      | Reached XP level 6. HP: 46/51 MP: 5/5
  2267 | D:3      | Reached skill level 8 in Axes
  3253 | D:4      | Reached skill level 9 in Axes
  3356 | D:4      | Found a sparkling altar of Nemelex Xobeh.
  3441 | D:4      | Reached XP level 7. HP: 19/57 MP: 6/6
  3798 | D:4      | Reached skill level 10 in Axes
  3897 | D:4      | Found a staircase to the Ecumenical Temple.
  3913 | Temple   | Entered the Ecumenical Temple
  4020 | Temple   | Became a worshipper of Uskayaw the Reveler
  4208 | D:4      | Reached * piety under Uskayaw
  4418 | D:5      | Entered Level 5 of the Dungeon
  4462 | D:5      | Noticed Duvessa
  4465 | D:5      | Noticed Dowan
  4493 | D:5      | Reached ** piety under Uskayaw
  4495 | D:5      | Killed Duvessa
  4495 | D:5      | Reached XP level 8. HP: 45/66 MP: 7/7
  4499 | D:5      | Reached *** piety under Uskayaw
  4501 | D:5      | Killed Dowan
  4501 | D:5      | Reached **** piety under Uskayaw
  4570 | D:5      | Reached skill level 11 in Axes
  4770 | D:5      | Found a burning altar of Makhleb.
  4770 | D:5      | Noticed a cacodemon
  4846 | D:5      | HP: 1/67 [ice beast (13)]
  4847 | D:5      | Slain by an ice beast

Skill      XL: |  1  2  3  4  5  6  7  8 |
---------------+-------------------------+-----
Axes           | 3 4 5 6 7 9 10 11 | 11.0
Armour         | 4 |  4.3
Shields        | 4 |  4.3
Fighting       | 4 |  4.3

Action                   |  1- 3 |  4- 6 |  7- 9 || total
-------------------------+-------+-------+-------++-------
Melee: War axe           |    65 |   118 |   103 ||   286
       Headbutt          |     5 |    23 |    18 ||    46
  Use: Potion            |       |     2 |     1 ||     3
       Scroll            |       |       |     5 ||     5
  Eat: Chunk             |     2 |     6 |     5 ||    13
Armor: Scale mail        |    24 |    37 |       ||    61
       Plate armour      |       |       |    58 ||    58
Dodge: Dodged            |    30 |    25 |    14 ||    69
Block: Shield            |    49 |    57 |    52 ||   158
